Map: 2000 Atmospheres LE

Players

Probe

  • Race: Protoss Protoss

cyan - Winner!

  • Race: Protoss Protoss
  • League: Grandmaster

Event: DreamHack SC2 Masters Last Chance 2022

VOD

Have the link to the VOD?

Description

Time

  • Played on: Dec. 15, 2021, 4:24 a.m.
  • Length: 16:30

All games in this series

Show
View Real Time Build Order
Export as new Build Order

Probe Protoss 

Build Orders: Oracle Opening 

Get SALT Encoding   

  12  0:00  Probe  
  13  0:12  Probe  
  14  0:17  Pylon  
  14  0:24  Probe (Chrono Boost)  
  15  0:37  Probe (Chrono Boost)  
  15  0:38  Gateway  
  16  0:43  Probe (Chrono Boost)  
  16  0:47  Assimilator  
  17  0:51  Probe  
  17  0:54  Assimilator  
  18  1:03  Probe (Chrono Boost)  
  19  1:11  Gateway  
  19  1:13  Probe (Chrono Boost)  
  19  1:18  Probe (Chrono Boost)  
  21  1:26  Cybernetics Core  
  21  1:29  Probe  
  22  1:38  Pylon  
  22  1:41  Probe  
  23  1:56  Probe  
  24  2:02  Stalker x2  
  24  2:03  Warp Gate  
  24  2:08  Probe  
  29  2:14  Pylon  
  29  2:20  Probe  
  30  2:27  Stargate  
  30  2:32  Probe  
  31  2:46  Probe  
  32  3:00  Nexus  
  32  3:01  Probe  
  33  3:09  Oracle (Chrono Boost)  
  36  3:13  Probe  
  36  3:18  Pylon  
  37  3:26  Probe  
  38  3:30  Twilight Council  
  38  3:38  Probe  
  38  3:39  Shield Battery  
  39  3:45  Gateway  
  39  3:50  Probe  
  39  3:51  Sentry  
  42  4:02  Probe, Pylon  
  43  4:14  Probe (Chrono Boost)  
  43  4:15  Probe (Chrono Boost)  
  43  4:20  Stalker  
  43  4:21  Stalker  
  47  4:26  Probe (Chrono Boost)  
  47  4:27  Probe (Chrono Boost)  
  49  4:32  Blink (Chrono Boost)  
  49  4:34  Probe x2 (Chrono Boost)  
  51  4:40  Probe  
  51  4:41  Probe  
  54  4:52  Probe  
  54  4:53  Probe  
  54  4:55  Stalker x2  
  59  5:03  Forge  
  59  5:05  Probe x2  
  61  5:08  Pylon  
  61  5:09  Assimilator  
  61  5:12  Sentry  
  63  5:17  Probe  
  63  5:18  Probe  
  65  5:25  Stalker x2  
  65  5:28  Protoss Ground Weapons Level 1 (Chrono Boost)  
  69  5:31  Nexus  
  69  5:33  Pylon  
  69  5:36  Probe  
  70  5:45  Probe  
  71  5:52  Stalker  
  71  5:54  Probe  
  74  5:57  Probe  
  74  5:58  Gateway  
  74  6:00  Gateway  
  74  6:01  Gateway  
  75  6:06  Probe  
  75  6:09  Probe  
  77  6:16  Robotics Facility  
  77  6:17  Pylon  
  77  6:18  Probe  
  78  6:21  Probe, Shield Battery  
  78  6:23  Shield Battery  
  79  6:30  Probe, Charge  
  80  6:33  Probe  
  81  6:42  Probe  
  82  6:50  Gateway, Probe, Templar Archives  
  82  6:51  Probe  
  84  6:54  Probe  
  84  6:55  Gateway  
  84  7:00  Pylon  
  84  7:01  Pylon  
  84  7:02  Probe  
  84  7:03  Probe  
  84  7:04  Stalker x3  
  84  7:06  Probe  
  94  7:08  Observer (Chrono Boost)  
  94  7:11  Pylon  
  94  7:13  Pylon  
  94  7:15  Stalker  
  96  7:29  Stalker x2  
  100  7:33  Photon Cannon  
  100  7:34  Zealot x2, Protoss Ground Weapons Level 2 (Chrono Boost)  
  100  7:35  Zealot, Pylon  
  106  7:37  Probe x2  
  108  7:52  Zealot  
  108  7:53  Zealot x3  
  116  8:00  Nexus  
  116  8:03  Zealot x4  
  124  8:06  Assimilator  
  124  8:07  Assimilator  
  122  8:13  Probe x2  
  122  8:16  Photon Cannon  
  122  8:17  Pylon  
  122  8:19  Photon Cannon  
  124  8:21  Zealot, High Templar x2  
  124  8:24  Probe  
  124  8:25  Probe x2  
  124  8:26  Pylon  
  133  8:30  Archon  
  133  8:38  Zealot x5  
  119  8:58  Zealot, High Templar x2  
  119  8:59  Zealot x5  
  119  9:02  Shield Battery  
  131  9:04  Archon, Shield Battery  
  131  9:05  Shield Battery  
  131  9:09  Photon Cannon  
  131  9:14  Probe  
  131  9:15  Probe x2  
  134  9:19  Assimilator  
  134  9:20  Robotics Bay  
  134  9:23  Robotics Facility, Assimilator  
  134  9:24  Zealot  
  134  9:25  Zealot  
  138  9:36  Zealot x6  
  148  9:42  Protoss Ground Weapons Level 3 (Chrono Boost)  
  148  9:43  Photon Cannon  
  148  9:44  Pylon  
  148  9:45  Shield Battery  
  143  9:48  Oracle (Chrono Boost)  
  146  9:58  Disruptor  
  142  10:04  Disruptor  
  142  10:07  Photon Cannon  
  142  10:08  Pylon  
  142  10:10  Photon Cannon  
  145  10:21  Photon Cannon  
  148  10:22  Photon Cannon, Pylon  
  148  10:25  Stalker x3, Pylon  
  150  10:33  Disruptor  
  153  10:38  Shield Battery  
  153  10:39  Disruptor  
  154  10:48  Stalker x2, Dark Shrine  
  154  10:49  Stalker  
  152  10:50  Zealot x2  
  152  10:51  Zealot  
  152  10:52  Probe  
  149  11:01  Probe  
  145  11:04  Probe  
  144  11:13  Probe  
  144  11:17  Zealot x6  
  144  11:18  Zealot x2  
  161  11:20  Disruptor x2  
  161  11:23  Photon Cannon  
  167  11:29  Photon Cannon, Pylon  
  157  11:47  Stalker x8  
  165  12:10  Stalker  
  165  12:11  Stalker x7, Disruptor x2 (Chrono Boost)  
  187  12:25  Photon Cannon  
  187  12:27  Photon Cannon  
  187  12:35  Zealot x2  
  187  12:36  Zealot x4  
  199  12:37  Shadow Stride  
  199  12:40  Observer  
  196  12:45  Disruptor  
  191  13:14  Dark Templar  
  191  13:15  Dark Templar x4  
  179  13:20  Zealot x3  
  179  13:22  Protoss Shields Level 1 (Chrono Boost)  
  179  13:26  Gateway  
  185  13:30  Gateway  
  185  13:32  Gateway x2, Observer x2  
  185  13:33  Gateway  
  187  13:35  Gateway  
  182  14:00  Zealot x8  
  198  14:22  Zealot  
  200  14:36  Oracle  
  200  14:45  Gravitic Boosters  
  200  14:48  Assimilator  
  200  14:51  Nexus  
  200  14:52  Zealot, Pylon  
  198  14:56  Pylon  
  198  14:58  Assimilator  
  198  14:59  Assimilator  
  172  15:14  Stalker x8  
  172  15:15  Stalker x4  
  171  15:38  Disruptor x2  
  171  15:41  Zealot x11  
  199  15:49  Photon Cannon  
  199  15:53  Photon Cannon  
  199  16:07  Photon Cannon  
  199  16:09  Shield Battery  
  167  16:14  Dark Templar x12  
Show
View Real Time Build Order
Export as new Build Order

cyan Protoss - Winner!

Build Orders: 1 Gate Expand, Oracle Opening, Carriers 

Get SALT Encoding   

  12  0:00  Probe  
  13  0:12  Probe  
  14  0:18  Pylon  
  14  0:24  Probe (Chrono Boost)  
  15  0:36  Probe (Chrono Boost)  
  15  0:37  Gateway  
  16  0:45  Probe (Chrono Boost)  
  16  0:46  Assimilator  
  17  0:50  Probe  
  18  1:03  Probe  
  19  1:15  Probe  
  20  1:22  Nexus  
  20  1:32  Cybernetics Core  
  20  1:36  Probe  
  21  1:40  Assimilator  
  21  1:48  Probe  
  21  1:49  Pylon  
  22  2:00  Probe (Chrono Boost)  
  23  2:06  Stalker (Chrono Boost)  
  23  2:11  Probe (Chrono Boost)  
  26  2:16  Probe (Chrono Boost)  
  27  2:25  Stargate  
  27  2:28  Probe  
  28  2:31  Shield Battery  
  28  2:36  Stalker  
  30  2:42  Probe  
  30  2:44  Probe  
  32  2:47  Warp Gate  
  31  2:54  Probe  
  31  2:56  Probe  
  33  3:06  Probe  
  33  3:08  Probe  
  33  3:09  Oracle (Chrono Boost)  
  37  3:16  Shield Battery  
  37  3:19  Probe  
  38  3:20  Probe  
  38  3:23  Pylon  
  39  3:30  Gateway  
  39  3:31  Probe  
  39  3:32  Probe  
  39  3:33  Void Ray (Chrono Boost)  
  45  3:45  Probe (Chrono Boost)  
  45  3:47  Probe (Chrono Boost)  
  47  3:52  Gateway  
  47  3:55  Probe (Chrono Boost)  
  49  3:58  Probe (Chrono Boost)  
  49  4:00  Probe (Chrono Boost)  
  49  4:01  Twilight Council  
  50  4:07  Probe  
  50  4:12  Probe  
  51  4:19  Probe  
  51  4:20  Assimilator  
  51  4:21  Pylon  
  54  4:25  Probe, Pylon  
  54  4:29  Blink (Chrono Boost)  
  53  4:31  Probe  
  53  4:32  Pylon  
  53  4:34  Forge  
  53  4:37  Pylon  
  54  4:51  Nexus  
  54  4:54  Pylon  
  54  4:55  Stalker  
  56  5:00  Stalker  
  56  5:03  Stalker, Protoss Ground Weapons Level 1 (Chrono Boost)  
  60  5:08  Probe  
  60  5:09  Probe  
  60  5:13  Shield Battery  
  62  5:19  Stalker  
  62  5:21  Probe  
  65  5:25  Stalker  
  65  5:26  Pylon  
  67  5:29  Stalker  
  67  5:31  Probe  
  70  5:42  Probe  
  71  5:44  Probe  
  71  5:45  Stalker  
  71  5:49  Gateway  
  74  5:50  Gateway  
  74  5:53  Gateway  
  74  5:58  Stalker  
  74  6:00  Probe  
  74  6:02  Stalker  
  74  6:04  Probe  
  80  6:05  Probe  
  80  6:09  Stalker  
  83  6:14  Photon Cannon  
  83  6:15  Probe  
  83  6:18  Probe x2  
  85  6:20  Charge  
  86  6:27  Probe  
  86  6:30  Probe  
  88  6:33  Stalker  
  88  6:35  Gateway x2  
  88  6:38  Stalker  
  92  6:40  Stalker  
  92  6:44  Stalker  
  92  6:45  Probe  
  97  6:50  Probe  
  97  6:53  Pylon  
  97  6:54  Probe, Pylon  
  99  6:55  Assimilator  
  99  6:57  Probe  
  99  6:59  Protoss Ground Weapons Level 2 (Chrono Boost)  
  99  7:00  Stalker x2  
  104  7:10  Photon Cannon  
  104  7:15  Nexus  
  104  7:22  Dark Shrine  
  104  7:32  Pylon  
  104  7:33  Pylon  
  104  7:35  Photon Cannon, Gateway  
  104  7:36  Probe x2  
  106  7:37  Gateway, Assimilator  
  106  7:38  Probe  
  106  7:42  Pylon  
  107  7:48  Probe  
  107  7:51  Photon Cannon  
  108  7:53  Shield Battery  
  108  7:57  Stalker x3  
  114  8:04  Robotics Facility, Probe  
  115  8:07  Assimilator  
  115  8:12  Probe x2  
  117  8:16  Probe  
  118  8:24  Probe x2, Shadow Stride (Chrono Boost)  
  118  8:26  Zealot  
  122  8:28  Zealot x2  
  122  8:29  Zealot x6  
  122  8:33  Probe  
  139  8:39  Probe  
  130  8:50  Zealot x4  
  130  8:51  Zealot x4  
  134  8:57  Protoss Ground Weapons Level 3 (Chrono Boost)  
  134  9:00  Observer  
  135  9:03  Robotics Bay  
  135  9:06  Robotics Facility  
  135  9:11  Photon Cannon  
  135  9:15  Photon Cannon  
  135  9:17  Dark Templar, Shield Battery  
  135  9:18  Dark Templar x2, Pylon  
  135  9:22  Warp Prism (Chrono Boost)  
  135  9:23  Dark Templar  
  145  9:33  Probe  
  145  9:36  Probe x3  
  149  9:39  Photon Cannon  
  149  9:41  Shield Battery  
  149  9:45  Photon Cannon  
  145  9:46  Zealot  
  145  9:58  Dark Templar x2  
  145  10:02  Probe  
  145  10:05  Disruptor x2  
  142  10:08  Gravitic Boosters  
  142  10:12  Zealot x8  
  164  10:16  Assimilator  
  164  10:17  Gateway  
  164  10:18  Gateway, Assimilator  
  162  10:31  Dark Templar x2  
  162  10:32  Dark Templar  
  162  10:33  Dark Templar  
  162  10:34  Disruptor x2  
  143  11:09  Disruptor  
  143  11:10  Observer  
  147  11:15  Probe x2  
  145  11:22  Stargate  
  145  11:29  Nexus  
  145  11:30  Pylon  
  145  11:31  Stalker x10, Protoss Air Weapons Level 1 (Chrono Boost)  
  145  11:32  Pylon  
  154  11:48  Disruptor  
  154  11:50  Photon Cannon  
  154  11:53  Photon Cannon  
  157  11:55  Shield Battery  
  157  11:57  Shield Battery  
  157  11:58  Shield Battery  
  157  12:01  Zealot x5  
  157  12:02  Zealot  
  163  12:16  Fleet Beacon  
  163  12:18  Photon Cannon, Stargate  
  163  12:20  Dark Templar, Stargate, Shield Battery  
  163  12:22  Dark Templar, Pylon  
  167  12:26  Protoss Shields Level 1 (Chrono Boost)  
  167  12:28  Observer x2 (Chrono Boost)  
  169  12:53  Observer x2  
  171  13:09  Zealot x2  
  171  13:10  Zealot  
  175  13:17  Carrier x2 (Chrono Boost)  
  175  13:18  Carrier x2 (Chrono Boost)  
  196  13:32  Zealot  
  198  13:40  Assimilator  
  196  13:44  Zealot  
  196  13:45  Zealot, Assimilator  
  194  14:25  Observer x2  
  192  14:34  Carrier  
  198  14:40  Carrier  
  200  14:54  Gateway  
  200  14:57  Gateway  
  194  15:00  Gateway  
  194  15:02  Carrier, Gateway  
  194  15:05  Gateway  
  194  15:09  Disruptor x2  
  194  15:12  Carrier  
  173  15:31  Zealot x2  
  173  15:32  Zealot x6  
  173  15:33  Zealot x2  
  189  15:38  Disruptor  
  184  16:11  Nexus, Dark Templar x3  
  184  16:12  Dark Templar x6  
  184  16:14  Pylon  
  184  16:16  Pylon  
  184  16:17  Pylon  
  177  16:28  Stalker x6  
  177  16:29  Stalker  

Tags
 
Add a new tag
Caveats
  • Supply blocks, unpowered buildings, or Contaminate may cause inaccurate times.
  • Supply counts are checked every 10 seconds.